 Dungeon Crawl Stone Soup version 0.21-a0-426-g98080a9 (webtiles) character file.

575 mastercheaf21 the Covert (level 7, -2/45 HPs)
             Began as an Octopode Assassin on Nov 7, 2017.
             Was an Initiate of Dithmenos.
             Slain by a polar bear (6 damage)
             ... created by the rage of Trog
             ... on level 5 of the Dungeon.
             The game lasted 00:19:24 (5190 turns).

mastercheaf21 the Covert (Octopode Assassin)        Turns: 5190, Time: 00:19:25

Health: -2/45      AC:  1    Str: 10    XL:     7   Next: 35%
Magic:  7/7        EV: 13    Int: 13    God:    Dithmenos [......]
Gold:   179        SH:  0    Dex: 16    Spells: 6/6 levels left

rFire    . . .     SeeInvis .   a - +2 dagger
rCold    . . .     Gourm    .   (no shield)
rNeg     . . .     Faith    .   (helmet restricted)
rPois    +         Spirit   .   (no amulet)
rElec    .         Reflect  .   o - ring of poison resistance
rCorr    .         Harm     .   (no ring)
MR       .....                  (no ring)
Stlth    +++++.....             (no ring)
HPRegen  0.15/turn              (no ring)
MPRegen  0.10/turn              (no ring)
                                (no ring)
                                (no ring)

@: no status effects
A: almost no armour, stealthy swim, amphibious, 8 rings, constrict 8, camouflage
1, gelatinous body 1
a: Renounce Religion


You were on level 5 of the Dungeon.
You worshipped Dithmenos.
Dithmenos was noncommittal.
You were not hungry.

You visited 2 branches of the dungeon, and saw 6 of its levels.

You collected 179 gold pieces.

Inventory:

Hand Weapons
 a - a +2 dagger (weapon)
 b - a +0 blowgun
 q - a cursed -1 dagger
 s - a +0 hunting sling
 t - a +0 short sword of draining
Missiles
 c - 26 poisoned needles
 d - 5 curare-tipped needles
 x - 8 needles of confusion
Jewellery
 o - a ring of poison resistance (left tentacle)
 C - an uncursed ring of protection from fire {unknown}
Wands
 h - a wand of polymorph (16/24)
Scrolls
 e - 4 scrolls of remove curse {unknown}
 i - 7 scrolls of teleportation {unknown}
 j - 4 scrolls of identify {unknown}
 k - 2 scrolls of blinking {unknown}
 m - 2 scrolls of enchant weapon {unknown}
 n - a scroll of noise {unknown}
 p - a scroll of random uselessness {unknown}
 r - a scroll of recharging {unknown}
 u - a scroll of magic mapping {unknown}
 B - a scroll of amnesia {unknown}
Potions
 l - 2 potions of brilliance {unknown}
 v - 2 potions of curing {unknown}
 w - 2 potions of haste {unknown}
 z - a potion of lignification {unknown}
 A - a potion of heal wounds {unknown}
Books
 y - a book of Air

   Spells                             Type                      Level
   a - Shock                          Conjuration/Air              1
   b - Swiftness                      Charms/Air                   2
   c - Static Discharge               Conjuration/Air              3
   d - Airstrike                      Air                          4
   e - Lightning Bolt                 Conjuration/Air              5
Comestibles
 f - 2 bread rations
 g - 3 royal jellies
 D - 2 chunks of flesh


   Skills:
 - Level 2.0 Fighting
 + Level 4.8 Short Blades
 - Level 2.0 Throwing
 + Level 1.6 Dodging
 - Level 10.0 Stealth


You had 6 spell levels left.
You didn't know any spells.

Dungeon Overview and Level Annotations

Branches:
Dungeon (5/15)             Temple (1/1) D:5

Altars:
Ashenzari
Cheibriados
Dithmenos
Gozag
Makhleb
Nemelex Xobeh
Okawaru
Qazlal
Sif Muna
Trog
Uskayaw
Vehumet
Wu Jian
Yredelemnul
The Shining One


Innate Abilities, Weirdness & Mutations

You cannot wear most types of armour.
You are very stealthy in the water. (Stealth+)
You are amphibious.
You can wear up to eight rings at the same time.
You can use your tentacles to constrict eight enemies at once.
Your skin changes colour to match your surroundings (Stealth+).
Your rubbery body absorbs attacks. (AC +1, EV +1)


Message History

You found a teleport trap!
There is an open door here.
You now have 179 gold pieces (gained 19).
Trog sends monsters to punish you. 3 polar bears and a black bear come into view.
There is an open door here.
You hit the polar bear but do no damage.
The polar bear bites you! The polar bear claws you. x2
The polar bear barely misses you. The polar bear misses you.
The polar bear barely misses you.
You hit the polar bear but do no damage.
You squeeze the polar bear.
The polar bear is lightly wounded.
The polar bear completely misses you. The polar bear claws you. x2
The polar bear bites you.
* * * LOW HITPOINT WARNING * * *
The polar bear closely misses you. The polar bear claws you.
* * * LOW HITPOINT WARNING * * *
The polar bear misses you. The polar bear claws you.
You die...

# . #. ##. # #.# #...# ##+## #.#
..#. ##...## #.# #.. ##.....## #
#.# #.## ##.......## ##.###.#
...####...^....h####...##.#######
......'........h@h...............
...####........h####...##.#######
#.## ##.......## ##.......# ####
##..[..## #.###.#.# ...# ##...##
####.###.#.# ##.# ##'##
#........#.# ##.# #.#
#.##.#####.# # †))# #.#
#.##.......# # ##.########.##
#.########## #


You could see 3 polar bears and a black bear (berserk).

Vanquished Creatures
  An ice beast (D:5)
  A bullfrog (D:2)
  A scorpion (D:5)
  A bullfrog zombie (D:5)
  2 orc priests
  A centaur skeleton (D:5)
  A hound (D:4)
  A worker ant (D:4)
  2 orc wizards
  A howler monkey zombie (D:5)
  3 adders
  An ooze (D:1)
  An adder skeleton (D:4)
  5 worms
  3 leopard geckos
  10 orcs
  2 ball pythons (D:2)
  5 giant cockroaches
  7 goblins
  6 hobgoblins
  2 jackals (D:3)
  3 kobolds
  2 quokkas (D:3)
  A ball python skeleton (D:4)
  10 bats
  3 frilled lizards
  2 jackal skeletons (D:4)
  A leopard gecko skeleton (D:4)
  9 rats
  A plant (D:2)
89 creatures vanquished.

Notes
Turn   | Place    | Note
-------+----------+-------------------------------------------
     0 | D:1      | mastercheaf21 the Octopode Assassin began the quest for the Orb.
     0 | D:1      | Reached XP level 1. HP: 14/14 MP: 1/1
   201 | D:1      | Reached XP level 2. HP: 19/19 MP: 2/2
   247 | D:1      | Reached skill level 6 in Stealth
  1171 | D:1      | Reached XP level 3. HP: 22/24 MP: 3/3
  1345 | D:2      | Found a sparkling altar of Nemelex Xobeh.
  1374 | D:2      | Reached skill level 7 in Stealth
  1489 | D:2      | Noticed a bullfrog
  1499 | D:2      | Killed a bullfrog
  1499 | D:2      | Reached skill level 8 in Stealth
  1499 | D:2      | Reached XP level 4. HP: 13/29 MP: 4/4
  1878 | D:2      | Reached XP level 5. HP: 29/34 MP: 5/5
  2286 | D:3      | Found a deep blue altar of Sif Muna.
  3030 | D:4      | Reached skill level 9 in Stealth
  3342 | D:4      | Reached XP level 6. HP: 31/39 MP: 6/6
  3985 | D:4      | Noticed a moth of wrath
  3988 | D:4      | Found a bloodstained altar of Trog.
  4021 | D:4      | Became a worshipper of Trog the Wrathful
  4314 | D:5      | Entered Level 5 of the Dungeon
  4329 | D:5      | Found a staircase to the Ecumenical Temple.
  4343 | Temple   | Entered the Ecumenical Temple
  4382 | Temple   | Fell from the grace of Trog
  4382 | Temple   | Became a worshipper of Dithmenos the Shadowed
  4594 | D:5      | Reached skill level 10 in Stealth
  4729 | D:5      | Noticed an ice beast
  4730 | D:5      | Killed an ice beast
  4730 | D:5      | Reached XP level 7. HP: 45/45 MP: 7/7
  5188 | D:5      | Noticed a polar bear
  5188 | D:5      | Noticed a polar bear
  5188 | D:5      | Noticed a polar bear
  5190 | D:5      | Slain by a polar bear

Vault maps used:
D:1:      dpeg_arrival_round_a, serial_co_window_serial,
          co_window_of_opportunity_a, co_window_cross_1, co_window_paths_a,
          co_window_paths_a, co_window_corner_a, co_window_paths_a,
          co_window_corner_a, co_window_corner_b, co_window_cross_4,
          co_window_cross_3, co_window_of_opportunity_b,
          co_window_unsneaky_path_d, glass_columns_c, glass_columns_b,
          roderic_filled_cross
D:2:      nemelex_xobeh_ov_fountains_minmay, first_bread, serial_bayou_lake_a
D:3:      led_sif_pool
D:4:      tgw_trog
D:5:      kiku_gazebo_garden_becter, temple_pool_b, uniq_sigmund
Temple:   nicolae_temple_figure_eight

Skill      XL: |  1  2  3  4  5  6 |
---------------+-------------------+-----
Stealth        | 6 8 9 10 | 10.0
Short Blades   | 3 4 |  4.8
Fighting       | |  2.0
Throwing       | |  2.0
Dodging        | |  1.6

Action                   |  1- 3 |  4- 6 |  7- 9 || total
-------------------------+-------+-------+-------++-------
Melee: Dagger            |    49 |   129 |    18 ||   196
       Constrict         |     9 |    29 |     5 ||    43
       Tentacles         |     6 |    26 |    10 ||    42
 Stab: Sleeping          |     7 |    19 |     1 ||    27
       Distracted        |       |     1 |     1 ||     2
  Eat: Chunk             |     1 |     9 |       ||    10
       Bread ration      |       |     1 |       ||     1
Armor: Skin              |     6 |    15 |       ||    21
Dodge: Dodged            |    34 |    70 |    12 ||   116

Table legend:
 A = Spawn XP
 B = Non-spawn XP
 C = Spawn XP percentage of total XP
 D = Spawn monster count
 E = Non-spawn monster count
 F = Spawn count percentage of total count
 G = Total turns spent on level
                    A         B        C        D         E        F      G
               +---------+---------+-------+---------+---------+-------+---------
         Total |       0 |     822 |   0.0 |       0 |      88 |   0.0 |  5190
               +---------+---------+-------+---------+---------+-------+---------
           D:1 |       0 |      34 |   0.0 |       0 |      17 |   0.0 |  1264
           D:2 |       0 |     139 |   0.0 |       0 |      19 |   0.0 |   831
           D:3 |       0 |      79 |   0.0 |       0 |      21 |   0.0 |   861
           D:4 |       0 |     202 |   0.0 |       0 |      20 |   0.0 |  1358
           D:5 |       0 |     368 |   0.0 |       0 |      11 |   0.0 |   665
               +---------+---------+-------+---------+---------+-------+---------
